 Dungeon Crawl Stone Soup version 0.19-a0-459-gb8ed64d (webtiles) character file.

6037 mistymad the Covert (level 10, -1/76 HPs)
             Began as a Vampire Enchanter on June 2, 2016.
             Was an Initiate of Ashenzari.
             Killed from afar by an electric eel (16 damage)
             ... with a bolt of electricity
             ... on level 9 of the Dungeon.
             The game lasted 00:40:24 (12272 turns).

mistymad the Covert (Vampire Enchanter)            Turns: 12272, Time: 00:40:24

Health: -1/76      AC:  6    Str:  7    XL:     10   Next: 56%
Magic:  12/19      EV: 17    Int: 19    God:    Ashenzari [......]
Gold:   324        SH:  0    Dex: 17    Spells: 5 memorised, 9 levels left

rFire  . . .     SeeInvis +     n - +1 dagger (pain)
rCold  + . .     Gourm    .     b - +1 robe
rNeg   + + .     Faith    .     (no shield)
rPois  +         Spirit   .     w - +2 helmet
rElec  .         Dismiss  .     (no cloak)
rCorr  .         Reflect  .     (no gloves)
SustAt .         Harm     .     (no boots)
MR     +....                    (no amulet)
Stlth  +++++++...               (no ring)
                                m - ring of stealth

@: regenerating slowly, somewhat resistant to hostile enchantments, extremely
stealthy
A: fangs 3, see invisible, unbreathing
a: Bat Form, Curse Item, Renounce Religion


You were on level 9 of the Dungeon.
You worshipped Ashenzari.
Ashenzari was noncommittal.
You were thirsty.

You visited 2 branches of the dungeon, and saw 10 of its levels.

You collected 324 gold pieces.

Inventory:

Hand Weapons
 n - a +1 dagger of pain (weapon)
Armour
 b - a +1 robe (worn)
 w - a +2 helmet (worn)
Jewellery
 m - a ring of stealth (left hand)
Wands
 y - a wand of heal wounds (6/9)
Scrolls
 a - a scroll of recharging
 e - a scroll of identify
 g - a scroll of teleportation
 h - 3 scrolls of remove curse
 j - a scroll of enchant armour
 l - a scroll of fear
 p - a scroll of immolation
 t - a scroll of vulnerability {unknown}
 A - a scroll of amnesia
 B - a scroll of brand weapon
 C - a scroll of fog
Potions
 d - 20 potions of blood
 f - 2 potions of curing
 i - 4 potions of might
 k - a potion of invisibility
 q - 2 potions of cure mutation
 r - a potion of flight
 s - 2 potions of brilliance
 z - a potion of haste
Books
 c - a book of Maledictions

   Spells                             Type                      Level
   a - Corona                         Hexes                        1
   b - Ensorcelled Hibernation        Hexes/Ice                    2
   c - Confuse                        Hexes                        3
   d - Tukima's Dance                 Hexes                        3
   e - Dazzling Spray                 Conjuration/Hexes            3
 o - a book of Spatial Translocations

   Spells                             Type                      Level
   a - Apportation                    Translocation                1
   b - Blink                          Translocation                2
   c - Shroud of Golubria             Charms/Translocation         2
   d - Portal Projectile              Translocation                3
   e - Teleport Other                 Translocation                3
   f - Passage of Golubria            Translocation                4


   Skills:
 + Level 5.8 Fighting
 + Level 7.1 Short Blades
 + Level 7.3 Dodging
 + Level 10.9 Stealth
 + Level 6.4 Spellcasting
 + Level 10.4 Hexes


You had 9 spell levels left.
You knew the following spells:

 Your Spells              Type           Power        Failure   Level  Hunger
a - Corona                Hex            #####..      1%          1    None
b - Ensorcelled Hibernat  Hex/Ice        ####..       1%          2    None
c - Confuse               Hex            #####...     1%          3    ##.....
d - Tukima's Dance        Hex            #####...     1%          3    ##.....
e - Dazzling Spray        Conj/Hex       ####..       4%          3    ##.....


Dungeon Overview and Level Annotations

Branches:
Dungeon (9/15)             Temple (1/1) D:7            Lair (0/8) D:9
    Orc (0/2) D:9

Altars:
Ashenzari
Cheibriados
Dithmenos
Elyvilon
Fedhas
Gozag
Hepliaklqana
Kikubaaqudgha
Makhleb
Nemelex Xobeh
Okawaru
Pakellas
Qazlal
Ru
Sif Muna
Trog
Uskayaw
Vehumet
Xom
Yredelemnul
Zin
The Shining One
Jiyva

Annotations:
D:3 tstbtto's ghost, amateur GrGl


Innate Abilities, Weirdness & Mutations

You heal slowly.
You have razor-sharp teeth.
You have supernaturally acute eyesight. (SInv)
You can survive without breathing.


Message History

The magic dart hits you!
You take 4 damage, and have 37/76 hp.
The electric eel shoots out a bolt of lightning at you!
The bolt of electricity hits you!
You take 9 damage, and have 28/76 hp.
The electric eel shoots out a bolt of lightning at you!
The bolt of electricity hits the orc wizard.
The bolt of electricity hits you!
* * * LOW HITPOINT WARNING * * *
The bolt of electricity hits you!
* * * LOW HITPOINT WARNING * * *
The hound misses you.
The orc wizard hits you but does no damage.
One of your 21 potions of blood rots away.
You take 25 damage, and have 3/76 hp.
MASSIVE DAMAGE!!
You feel better. The hound closely misses you.
The electric eel shoots out a bolt of lightning at you!
The bolt of electricity hits the orc wizard.
The bolt of electricity hits you!
You die...

###....≈≈≈≈.....
;≈≈
#.....≈≈≈≈.≈≈.≈..≈
.
#.....≈≈≈≈≈≈≈≈≈≈≈.
.
#....≈≈≈≈.≈≈≈≈≈≈≈≈
#......s.;≈≈≈≈≈≈≈≈
#........h≈≈≈≈≈≈. #
#........≈≈≈≈≈≈. .
#..........o######
.
######..(.oh@....#
.
###########.######
.
#<....)............
.
####........#####..
. #........# #.# #
#....[>..# #.#
########.# #.# #.#
#.# #.# #.#


You could see a wolf (wandering), a scorpion, a hound, an electric eel, an orc
wizard and an orc.

Vanquished Creatures
  A troll (D:9)
  The ghost of George the Slasher, an amateur DsGl (D:4)
  A spriggan (D:7)
  3 wyverns
  A hippogriff (D:9)
  A hungry ghost (D:8)
  An ice beast (D:6)
  3 sky beasts
  6 orc warriors
  A black bear (D:6)
  4 phantoms
  3 necrophages (D:8)
  4 centaurs
  2 ogres (D:5)
  2 big kobolds (D:8)
  Blork the orc (D:4)
  A giant frog (D:8)
  2 gnoll sergeants
  4 scorpions
  4 killer bees (D:7)
  2 wights (D:8)
  A howler monkey (D:6)
  3 crimson imps
  A quasit (D:7)
  4 giant frog zombies
  A centaur zombie (D:8)
  2 jellies
  A centaur skeleton (D:4)
  8 orc priests
  12 hounds
  6 orc wizards
  4 iguanas
  8 worker ants
  A hound zombie (D:8)
  A worker ant zombie (D:5)
  12 gnolls
  9 adders
  3 shadow imps
  An adder zombie (D:9)
  4 worms
  6 giant geckos
  39 orcs
  9 bats
  6 giant cockroaches
  4 goblins
  5 hobgoblins
  13 jackals
  12 kobolds
  6 quokkas
  2 ball pythons
  A giant gecko skeleton (D:6)
  6 giant newts
  A jackal skeleton (D:6)
  A jackal zombie (D:8)
  9 rats
  A spectral orc (D:7)
251 creatures vanquished.

Notes
Turn   | Place    | Note
--------------------------------------------------------------
     0 | D:1      | mistymad the Vampire Enchanter began the quest for the Orb.
     0 | D:1      | Reached XP level 1. HP: 13/13 MP: 3/3
   243 | D:1      | Reached XP level 2. HP: 16/20 MP: 5/5
   725 | D:1      | You fall through a shaft!
   734 | D:2      | Learned a level 2 spell: Ensorcelled Hibernation
   803 | D:2      | Reached skill level 1 in Fighting
   829 | D:2      | Found a sacrificial altar of Ru.
   923 | D:2      | Reached XP level 3. HP: 18/26 MP: 6/6
  1072 | D:2      | Found a blossoming altar of Fedhas.
  1826 | D:2      | Found a stormy altar of Qazlal.
  2267 | D:3      | Noticed tstbtto's ghost (amateur GrGl)
  2275 | D:3      | Learned a level 3 spell: Confuse
  2756 | D:4      | Reached skill level 5 in Hexes
  2756 | D:4      | Reached XP level 4. HP: 32/32 MP: 7/7
  2947 | D:4      | Noticed Blork the orc
  2959 | D:4      | Killed Blork the orc
  2959 | D:4      | Reached XP level 5. HP: 38/38 MP: 5/9
  2990 | D:4      | Noticed George's ghost (amateur DsGl)
  3156 | D:3      | Reached skill level 5 in Stealth
  4283 | D:4      | Found a radiant altar of Vehumet.
  4287 | D:4      | Found a burning altar of Makhleb.
  4296 | D:4      | Reached XP level 6. HP: 34/46 MP: 7/10
  4480 | D:4      | Killed George's ghost
  4878 | D:5      | Entered Level 5 of the Dungeon
  4943 | D:5      | Reached XP level 7. HP: 51/51 MP: 10/12
  4980 | D:5      | Learned a level 3 spell: Tukima's Dance
  4984 | D:5      | Learned a level 3 spell: Dazzling Spray
  5064 | D:5      | HP: 2/51 [orc priest/dagger (3)]
  6055 | D:5      | Found an iron altar of Okawaru.
  6242 | D:5      | Found an oddly glowing altar of Pakellas.
  6455 | D:5      | Reached XP level 8. HP: 58/58 MP: 14/14
  7181 | D:6      | Reached skill level 5 in Dodging
  7619 | D:6      | Reached skill level 5 in Short Blades
  7646 | D:6      | Reached XP level 9. HP: 65/65 MP: 12/16
  7662 | D:6      | Reached skill level 5 in Spellcasting
  9162 | D:7      | Found a staircase to the Ecumenical Temple.
  9168 | Temple   | Entered the Ecumenical Temple
  9260 | Temple   | Became a worshipper of Ashenzari the Shackled
  9883 | D:7      | Found an ancient bone altar of Kikubaaqudgha.
  9885 | D:7      | Found a shadowy altar of Dithmenos.
 10052 | D:7      | Found a basalt altar of Yredelemnul.
 10341 | D:8      | Found a glowing silver altar of Zin.
 10341 | D:8      | Found a glowing golden altar of the Shining One.
 10342 | D:8      | Found a white marble altar of Elyvilon.
 10395 | D:8      | Found a hazy altar of Hepliaklqana.
 10423 | D:8      | Reached skill level 5 in Fighting
 10471 | D:8      | Reached skill level 10 in Stealth
 10551 | D:8      | Found a snail-covered altar of Cheibriados.
 10639 | D:8      | Reached XP level 10. HP: 74/74 MP: 9/18
 11244 | D:8      | Found a sparkling altar of Nemelex Xobeh.
 11386 | D:9      | Reached skill level 10 in Hexes
 12158 | D:9      | Found a staircase to the Orcish Mines.
 12228 | D:9      | Found a staircase to the Lair.
 12271 | D:9      | HP: 3/76 [electric eel/bolt of electricity (13)]
 12272 | D:9      | Killed from afar by an electric eel

Vault maps used:
D:1:      dpeg_arrival_arbitrary_c
D:2:      kennysheep_big_flooded_room, grunt_temple_overflow_forces_of_nature,
          nicolae_overflow_hidden_temple, minmay_bisected
D:3:      dk_noncrumbling_2, grunt_ministairs_15, minivault_24
D:4:      grunt_temple_overflow_lords_of_destruction, first_bread,
          uniq_blork_the_orc
D:5:      grunt_pakellas_basics, lemuel_crystal_altar,
          hangedman_abyss_or_decor_stabs
D:6:      serial_curves, eino_curves_03, eino_curves_01
D:7:      yredelemnul_forgotten_temple_becter, minitemple,
          minmay_temple_entry_hall, the_bakery
D:8:      good_gods_temple_1, kennysheep_little_box, grunt_temple_overflow_open,
          serial_undead, serial_undead_a, serial_undead_e, serial_undead_c,
          serial_undead_c, serial_undead_b
D:9:      erik_lair_island
Temple:   pf_slimified_temple

Skill      XL: |  1  2  3  4  5  6  7  8  9 10 |
---------------+-------------------------------+-----
Fighting       | 1 2 3 4 5 |  5.8
Short Blades   | 2 3 4 5 6 7 |  7.1
Hexes          | 5 6 7 8 9 10 | 10.4
Dodging        | 3 4 5 6 7 |  7.3
Stealth        | 5 6 7 8 10 | 10.9
Spellcasting   | 3 4 5 6 |  6.4

Action                   |  1- 3 |  4- 6 |  7- 9 | 10-12 || total
-------------------------+-------+-------+-------+-------++-------
Melee: Dagger            |   158 |   133 |   608 |   206 ||  1105
       Bite              |     6 |    10 |    66 |    26 ||   108
 Cast: Ensorcelled Hiber |     4 |     6 |    37 |    27 ||    74
       Confuse           |     2 |    12 |    65 |    21 ||   100
  Use: Potion            |     2 |     5 |     8 |     4 ||    19
       Scroll            |       |       |       |    18 ||    18
 Stab: Sleeping          |    13 |    12 |    44 |    26 ||    95
       Confused          |       |     8 |    45 |    15 ||    68
Armor: Robe              |    33 |    22 |    58 |    27 ||   140
Dodge: Dodged            |   107 |    72 |   291 |   112 ||   582
